 Dungeon Crawl Stone Soup version 0.26-a0-651-gb41185065b (webtiles) character file.

Game seed: 722222190331314746

562 sinister the Changer (level 7, -1/43 HPs)
             Began as an Octopode Transmuter on Oct 11, 2020.
             Was an Initiate of Cheibriados.
             Slain by a sky beast (6 damage)
             ... on level 5 of the Dungeon.
             The game lasted 00:10:17 (5139 turns).

sinister the Changer (Octopode Transmuter)          Turns: 5139, Time: 00:10:17

Health: -1/43      AC:  1    Str: 12    XL:     7   Next: 32%
Magic:  10/10      EV: 14    Int: 16    God:    Cheibriados [......]
Gold:   165        SH:  0    Dex: 14    Spells: 5/11 levels left

rFire    . . .     SeeInvis .     - Unarmed
rCold    . . .     Faith    .   (no shield)
rNeg     . . .     Spirit   .   (helmet currently unavailable)
rPois    .         Reflect  .   (no amulet)
rElec    .         Harm     .   (no ring)
rCorr    .         Rampage  .   (no ring)
MR       .....                  (no ring)
Stlth    +++.......             (no ring)
HPRegen  0.14/turn              (no ring)
MPRegen  0.12/turn              (no ring)
                                (no ring)
                                (no ring)

@: appendages, very slow
A: almost no armour, stealthy swim, amphibious, 8 rings, constrict 8, tentacle
spike 3, camouflage 1, gelatinous body 1
a: End Transformation, Bend Time, Renounce Religion


You were on level 5 of the Dungeon.
You worshipped Cheibriados.
Cheibriados was noncommittal.
One of your tentacles had a temporary spike.
You visited 2 branches of the dungeon, and saw 6 of its levels.

You collected 165 gold pieces.

Inventory:

Armour
 e - a +0 buckler
 f - a +0 kite shield
Scrolls
 b - 5 scrolls of teleportation {unknown}
 c - 4 scrolls of identify {unknown}
 d - 3 scrolls of amnesia {unknown}
 g - 5 scrolls of fog {unknown}
 h - a scroll of enchant weapon {unknown}
 j - 2 scrolls of magic mapping {unknown}
 k - 2 scrolls of remove curse {unknown}
 p - a scroll of enchant armour {unknown}
Potions
 a - 4 potions of curing
 i - a potion of cancellation {unknown}
 l - a potion of stabbing {unknown}
 m - a potion of degeneration {unknown}
 n - a potion of ambrosia {unknown}
 o - a potion of lignification {unknown}
 q - 2 potions of haste {unknown}
 r - 2 potions of flight {unknown}
 s - 2 potions of brilliance {unknown}
 t - a potion of heal wounds {unknown}


   Skills:
 - Level 1.0 Fighting
 - Level 2.4 Dodging
 - Level 1.1 Stealth
 - Level 3.6 Unarmed Combat
 - Level 2.6 Spellcasting
 + Level 6.4 Transmutations
 - Level 3.0 Poison Magic


You had 5 spell levels left.
You knew the following spells:

 Your Spells              Type           Power        Failure   Level
a - Beastly Appendage     Tmut           ###...       1%          1
b - Wereblood             Tmut           ###.....     1%          2
c - Spider Form           Tmut/Pois      ###.......   9%          3

Your spell library contained the following spells:

 Spells                   Type           Power        Failure   Level
 Blade Hands              Tmut           ###.......   36%         5
 Ice Form                 Ice/Tmut       ##......     45%         4
 Petrify                  Tmut/Erth      ##......     45%         4
 Confusing Touch          Hex            #.......     52%         3
 Gell's Gravitas          Tloc           #.........   52%         3
 Yara's Violent Unravell  Hex/Tmut       ##........   82%         5
 Metabolic Englaciation   Hex/Ice        #.........   99%         5


Dungeon Overview and Level Annotations

Branches:
Dungeon (5/15)             Temple (1/1) D:5

Altars:
Ashenzari
Cheibriados
Dithmenos
Fedhas
Gozag
Makhleb
Nemelex Xobeh
Okawaru
Qazlal
Ru
Sif Muna
Trog
Vehumet
Xom
Yredelemnul
Zin
The Shining One


Innate Abilities, Weirdness & Mutations

You cannot wear most types of armour.
You are very stealthy in the water. (Stealth+)
You are amphibious.
You can wear up to eight rings at the same time.
You can use your tentacles to constrict eight enemies at once.
Your skin changes colour to match your surroundings (Stealth+).
Your rubbery body absorbs attacks. (AC +1, EV +1)
One of your tentacles bears a large vicious spike.


Message History

You pierce the sky beast, but do no damage.
The sky beast is almost dead.
The sky beast hits you. The sky beast shocks you.
* * * LOW HITPOINT WARNING * * *
You closely miss the sky beast. Your squeeze misses the sky beast.
The sky beast is almost dead.
The sky beast hits you but does no damage.
You tentacle-slap the sky beast. Your squeeze misses the sky beast.
The sky beast is almost dead.
The sky beast misses you.
You barely miss the sky beast. Your squeeze misses the sky beast.
The sky beast is almost dead.
The sky beast hits you.
* * * LOW HITPOINT WARNING * * *
The sky beast shocks you.
* * * LOW HITPOINT WARNING * * *
You feel better. The sky beast hits you.
* * * LOW HITPOINT WARNING * * *
The sky beast shocks you.
You die...

#.$ .......#..
.#..###.#....#..
................
.....#.........
...#......#.# .......
#...$....... .......
#...#...#...
...#..##.#####..@Y.......
......##....)..#.#.###...
......#######...........
...#..#######.P.P.######
......#........>..#
...#..#.......P.P.#
......#...........#
.....................
[..###...##...........


You could see a sky beast.

Vanquished Creatures
  An ogre (D:4)
  A scorpion (D:4)
  A hound (D:4)
  6 orc priests
  A bullfrog skeleton (D:4)
  An orc wizard (D:4)
  Terence (D:3)
  2 worker ants (D:4)
  An adder (D:4)
  An adder zombie (D:5)
  A worm (D:2)
  A dart slug (D:1)
  2 leopard geckos
  16 orcs
  A giant cockroach (D:2)
  4 hobgoblins
  2 jackals (D:3)
  6 kobolds
  A ball python (D:3)
  3 bats
  6 frilled lizards
  8 goblins
  4 rats
  A spectral orc (D:3)
72 creatures vanquished.

Notes
Turn   | Place    | Note
-------+----------+-------------------------------------------
     0 | D:1      | sinister the Octopode Transmuter began the quest for the
                  | Orb.
     0 | D:1      | Reached XP level 1. HP: 13/13 MP: 3/3
   188 | D:1      | Reached XP level 2. HP: 13/18 MP: 5/5
   192 | D:1      | Learned a level 2 spell: Wereblood
  1145 | D:2      | Reached XP level 3. HP: 23/23 MP: 4/6
  1197 | D:2      | Found a shadowy altar of Dithmenos.
  1336 | D:2      | Reached skill level 1 in Stealth
  1596 | D:3      | Found a blossoming altar of Fedhas.
  2248 | D:2      | Learned a level 3 spell: Spider Form
  2280 | D:3      | Noticed Terence
  2304 | D:3      | Killed Terence
  2304 | D:3      | Reached XP level 4. HP: 16/28 MP: 0/7
  2736 | D:3      | Reached skill level 3 in Transmutations
  2736 | D:3      | Reached skill level 1 in Poison Magic
  3038 | D:3      | Reached XP level 5. HP: 30/33 MP: 8/8
  3373 | D:3      | Found a basalt altar of Yredelemnul.
  3743 | D:4      | Reached skill level 4 in Transmutations
  3746 | D:4      | Reached XP level 6. HP: 12/38 MP: 9/9
  4048 | D:4      | Reached skill level 5 in Transmutations
  4281 | D:4      | Reached XP level 7. HP: 15/43 MP: 10/10
  4405 | D:4      | Reached skill level 6 in Transmutations
  4592 | D:4      | Found an iron altar of Okawaru.
  4971 | D:5      | Entered Level 5 of the Dungeon
  5024 | D:5      | Found a staircase to the Ecumenical Temple.
  5034 | Temple   | Entered the Ecumenical Temple
  5099 | Temple   | Became a worshipper of Cheibriados the Contemplative
  5139 | D:5      | Slain by a sky beast

Illustrated notes

Levels and vault maps discovered:
D:1:      minmay_arrival_radiant_lines, layout_loops_ring
D:2:      layout_loops_cross, grunt_dithmenos_smoke
D:3:      layout_rooms, lemuel_crystal_altar,
          yredelemnul_forgotten_temple_becter, chequers_serial_rivers_small_3,
          uniq_terence
D:4:      layout_rooms, kennysheep_okawaru_gauntlet
D:5:      layout_basic, lemuel_round_altar, minmay_temple_entry_trees,
          serial_corexii_hall, corexii_hall_statues_i,
          chequers_hall_statues_corner_a, minmay_misc_feat_five, fedhas_altar_4
Temple:   nicolae_temple_god_jail

Skill      XL: |  1  2  3  4  5  6  7 |
---------------+----------------------+-----
Stealth        | 1 |  1.1
Transmutations | 3 4 5 6 |  6.4
Poison Magic   | 1 2 3 |  3.0
Fighting       | |  1.0
Dodging        | |  2.4
Unarmed Combat | |  3.6
Spellcasting   | |  2.6

Action                   |  1- 3 |  4- 6 |  7- 9 || total
-------------------------+-------+-------+-------++-------
Melee: Unarmed           |    68 |    87 |    38 ||   193
       Constrict         |    13 |    20 |     7 ||    40
       Tentacles         |    10 |    16 |    13 ||    39
       Punch             |     2 |     2 |     4 ||     8
       Kick              |     6 |    20 |     7 ||    33
 Cast: Beastly Appendage |    18 |    11 |     4 ||    33
       Spider Form       |     1 |     1 |       ||     2
  Use: Potion            |       |     2 |     1 ||     3
 Stab: Sleeping          |     3 |     1 |       ||     4
       Distracted        |       |     1 |       ||     1
Armor: Skin              |     4 |     3 |     2 ||     9
Dodge: Dodged            |    38 |    51 |    21 ||   110
Block: Buckler           |     3 |       |       ||     3

Table legend: (Time is in decaauts)
 A = Elapsed time spent in this place.
 B = Non-inter-level travel time spent in this place.
 C = Inter-level travel time spent in this place.
 D = Time resting spent in this place.
 E = Time spent auto-exploring this place.
 F = Levels seen in this place.
 G = Mean time per level.
                   A        B        C        D        E       F      G
               +--------+--------+--------+--------+--------+-----+--------+
         Total |   5138 |   4996 |    142 |    771 |   3435 |   6 |  856.3 |
       Dungeon |   5058 |   4955 |    103 |    771 |   3429 |   5 | 1011.6 |
        Temple |     80 |     42 |     38 |      0 |      6 |   1 |   80.0 |
               +--------+--------+--------+--------+--------+-----+--------+

Top non-repeatable levels by time:
     D:2: 1564 daAuts
     D:4: 1427 daAuts
     D:3: 1119 daAuts
     D:1: 853 daAuts
     D:5: 92 daAuts
  Temple: 80 daAuts
